 Dungeon Crawl Stone Soup version 0.29.1-15-g9cfb28693d (webtiles) character file.

Game seed: 914460310620474005

37 Eitelfritz the Slasher (level 3, -7/30 HPs)
             Began as a Minotaur Gladiator on Feb 24, 2023.
             Killed from afar by Jessica (11 damage)
             ... with a puff of flame
             ... on level 2 of the Dungeon.
             The game lasted 00:01:46 (1642 turns).

Eitelfritz the Slasher (Minotaur Gladiator)         Turns: 1642, Time: 00:01:47

Health: -7/30      AC:  3    Str: 18    XL:     3   Next: 23%
Magic:  2/2        EV: 12    Int:  7    God:
Gold:   43         SH:  0    Dex: 11    Spells: 2/2 levels left

rFire   . . .      SeeInvis .   a - +0 long sword
rCold   . . .      Faith    .   (no shield)
rNeg    . . .      Spirit   .   b - +0 leather armour
rPois   .          Reflect  .   c - +0 hat
rElec   .          Harm     .   (no cloak)
rCorr   +          Rampage  .   (no gloves)
Will    .....                   (no boots)
Stlth   +.........              (no amulet)
HPRegen 0.10/turn               m - ring of resist corrosion
MPRegen 0.08/turn               (no ring)

@: attractive
A: horns 2, retaliatory headbutt
a: no special abilities


You were on level 2 of the Dungeon.
You visited 1 branch of the dungeon, and saw 2 of its levels.

You collected 43 gold pieces.

Inventory:

Hand Weapons
 a - a +0 long sword (weapon)
 g - a +0 flail
Missiles
 d - 3 throwing nets (quivered)
 e - a javelin
 i - 2 curare-tipped darts
 n - 2 poisoned darts
Armour
 b - a +0 leather armour (worn)
 c - a +0 hat (worn)
Jewellery
 m - a ring of resist corrosion (left hand)
Scrolls
 f - a scroll of identify {unknown}
 l - a scroll of brand weapon {unknown}
Potions
 j - a potion of attraction


   Skills:
 + Level 2.9 Fighting
 + Level 4.3 Long Blades
 + Level 2.0 Throwing
 + Level 1.1 Armour
 + Level 3.7 Dodging


You had 2 spell levels left.
You didn't know any spells.
Your spell library was empty.

Dungeon Overview and Level Annotations

Branches:
Dungeon (2/15)

Altars:

Annotations:
D:2 Jessica, Natasha


Innate Abilities, Weirdness & Mutations

You have a pair of horns on your head.
You reflexively headbutt those who attack you in melee.


Message History

It was a potion of curing.
You feel better. Natasha barely misses you. The shadow imp barely misses you.
Jessica zaps a wand.
The puff of flame hits you!
* * * LOW HITPOINT WARNING * * *
It was a potion of heal wounds.
You feel much better. Natasha closely misses you.
The shadow imp barely misses you. You furiously retaliate!
You headbutt the shadow imp, but do no damage.
Jessica points at you and mumbles some strange words.
Pain shoots through your body!
You hit Natasha but do no damage.
Natasha is severely wounded.
Natasha mumbles some strange words.
The shadow imp hits you. Jessica hits you with a +0 club. Natasha claws you.
You closely miss Natasha. You headbutt Natasha.
Natasha is almost dead.
The shadow imp misses you. Jessica hits you with a +0 club.
Natasha completely misses you. The shadow imp hits you.
You hit Natasha but do no damage.
Natasha is almost dead.
Jessica completely misses you. Natasha claws you. The crimson imp hits you.
* * * LOW HITPOINT WARNING * * *
The shadow imp closely misses you.
You miss Natasha.
Natasha is almost dead.
Jessica hits you with a +0 club.
* * * LOW HITPOINT WARNING * * *
The crimson imp barely misses you. Natasha closely misses you.
You furiously retaliate!
You headbutt Natasha, but do no damage.
The shadow imp hits you but does no damage.
You completely miss Natasha. Your punch misses Natasha.
Natasha is almost dead.
Jessica says, "Why did you come here?"
Jessica zaps a wand.
The puff of flame hits you.
* * * LOW HITPOINT WARNING * * *
The crimson imp closely misses you.
Natasha casts a spell.
The shadow imp completely misses you.
Jessica zaps a wand.
The puff of flame hits you!
You die...

......# ##....#
#....
#....######....
#.............
##.).........#
#...)........######
#................)#
#....#............#
######.........5@h#
##....#...5@5......
#...<#............
#>...#######......
#....# ..)...
#....# ......
#....# ..... #....#
..... #....#


You could see Natasha, a crimson imp (summoned), 2 shadow imps and Jessica.

Vanquished Creatures
  A gnoll (D:1)
  A ball python (D:1)
  3 bats (D:1)
  An endoplasm (D:1)
  A goblin (D:1)
  5 hobgoblins
  A quokka (D:1)
  4 frilled lizards (D:1)
  6 kobolds
  4 rats (D:1)
27 creatures vanquished.

Notes
Turn   | Place    | Note
-------+----------+-------------------------------------------
     0 | D:1      | Eitelfritz the Minotaur Gladiator began the quest for the
                  | Orb.
     0 | D:1      | Reached XP level 1. HP: 18/18 MP: 0/0
   355 | D:1      | Reached XP level 2. HP: 22/25 MP: 1/1
   471 | D:1      | Found a faded altar of an unknown god.
   524 | D:1      | Reached skill level 4 in Long Blades
   878 | D:1      | Reached XP level 3. HP: 21/30 MP: 2/2
  1130 | D:1      | Reached skill level 1 in Armour
  1627 | D:2      | Noticed Natasha
  1629 | D:2      | Noticed Jessica
  1642 | D:2      | Killed from afar by Jessica

Illustrated notes

Levels and vault maps discovered:
D:1:      minmay_arrival_stair_chambers, layout_loops_corners,
          hellmonk_ecumenical_altar_crossroads
D:2:      layout_basic, chequers_avenue, uniq_natasha, uniq_jessica

Skill      XL: |  1  2  3 |
---------------+----------+-----
Long Blades    | 4 |  4.3
Armour         | 1 |  1.1
Fighting       | |  2.9
Throwing       | |  2.0
Dodging        | |  3.7

Action                   || total
-------------------------++-------
Melee: Long sword        ||    83
       Headbutt          ||     7
  Use: Potion            ||     3
Armor: Leather armour    ||    23
Dodge: Dodged            ||    76
